cohdb
Replays
Latest Replays
All Replays
Popular Replays
Top Player Replays
Match Explorer
How It Works
Community
CoH3 Stats
Reddit
Sign in to upload your games and track your stats! →
Sign in with Steam
Match 43068167
Unlisted
Match 43068167
Overview
Messages
Build Orders
End
Construct Section Command Post
Selects Canadian Shock Battlegroup
Selects Canadian Shock Battlegroup
Vickers Machine Gun Team
ML 3-inch Mortar Team
Infantry Section
Infantry Section
Construct Platoon Command Post
Construct Field Infirmary
Infantry Training
Selects Attacking Spirit
Selects Canadian Shock Section
Canadian Shock Section
Selects Incendiary Munitions
Grenade Package
Unlock M3 Stuart Light Tanks
Canadian Shock Section
M3 Stuart Light Tank
Selects Pyrotechnics
Construct Company Command Post
Matilda II Heavy Tank
Armored Vehicle Training
Royal Engineer Section
Selects Smoke Operation
Smoke Operation
Crusader II Medium Tank
Crusader II Medium Tank
Crusader II Medium Tank
Smoke Operation
Crusader II Medium Tank
Smoke Operation
Unlock M3 Grant Medium Tanks
쏘우세지
MERCENARYCORPS
Luzinit24
Dudulu
Nohope4u
†-MÐ-†AltruisticSaint
Cyber Strategic Hans Landa BOB
Moltke1871
0
0
Comments
sign in to comment!
No comments posted yet!